AoeStats
← ViChoc

Fortress

510215536Analyzed
4v4 RM · 1d ago on Sep 30, 2026· 28m 55s· 8 players
Game mode
Random Map
Map size
Huge
Population
200
Speed
Normal
Resources
Standard
Victory
Conquest
Starting age
Dark Age
Ending age
Imperial Age
RankedLock teamsTeams togetherTeam positionsShared explorationLock speedFull tech treeHidden civsTurbo modeCheats
Victory
Defeat
🇺🇸 Britons · United States
1170
+13
🇨🇳 Cumans · China
1156
+14
🇬🇹 Berbers · Guatemala
1152
+14
🇦🇷 Saracens · Argentina
1125
+15
🇺🇸 Berbers · United States
1295
-21
🇺🇸 Goths · United States
1135
-15
🇺🇸 Teutons · United States
1012
-10
🇺🇸 Saxons · United States
1002
-10
Kryptonknight
7:24 Feudal Age
11:25 Castle Age
9:44 Double-Bit Axe
9:59 Horse Collar
13:05 Bow Saw
12:55 Heavy Plow
19:23 Fletching
20:00 Bodkin Arrow
21:21 Ballistics
22:34 Wheelbarrow
21:44 Loom
24:20 Hand Cart
24:52 Yeomen
25:20 Town Watch
28:53 Imperial Age
26:35 Padded Archer Armor
27:30 Town Patrol
27:47 Leather Archer Armor
27:25 Gold Mining
27:25 Stone Mining
27:52 Squires
29:21 Gold Shaft Mining
28:58 Forging
28:49 Scale Mail Armor
28:49 Murder Holes
ViChoc
3:24 Loom
5:58 Feudal Age
12:36 Castle Age
11:15 Double-Bit Axe
12:59 Wheelbarrow
13:45 Bow Saw
18:07 Husbandry
18:18 Bloodlines
18:23 Horse Collar
19:30 Gold Mining
23:10 Hand Cart
26:34 Forging
26:25 Scale Mail Armor
26:30 Scale Barding Armor
29:26 Imperial Age
niquito0912
5:18 Loom
7:15 Feudal Age
9:03 Loom
11:30 Castle Age
9:21 Double-Bit Axe
10:10 Horse Collar
16:39 Fletching
18:30 Heavy Plow
21:51 Ballistics
23:37 Gold Mining
28:03 Stone Mining
28:49 Gold Shaft Mining
Myth
7:14 Feudal Age
8:52 Wheelbarrow
8:03 Double-Bit Axe
8:13 Horse Collar
11:24 Loom
12:33 Gold Mining
17:26 Castle Age
16:14 Scale Barding Armor
16:21 Forging
18:09 Bloodlines
17:30 Capped Ram
18:31 Bow Saw
18:24 Heavy Plow
19:08 Chain Barding Armor
21:08 Iron Casting
21:26 Loom
22:40 Fletching
23:15 Padded Archer Armor
24:07 Bodkin Arrow
25:41 Leather Archer Armor
26:41 Town Watch
31:38 Imperial Age
No One Of Note
7:26 Feudal Age
11:25 Castle Age
9:30 Horse Collar
9:38 Double-Bit Axe
16:06 Bow Saw
17:26 Loom
18:20 Wheelbarrow
18:30 Gold Mining
18:33 Stone Mining
19:05 Crossbowman
20:03 Fortified Wall
20:21 Fletching
20:44 Elite Skirmisher
22:28 Bodkin Arrow
23:10 Padded Archer Armor
25:12 Leather Archer Armor
TrippingNinja
1:29 Loom
7:31 Feudal Age
11:32 Castle Age
12:23 Double-Bit Axe
12:57 Horse Collar
16:59 Heavy Plow
18:01 Bow Saw
17:41 Loom
18:13 Gold Mining
19:27 Scale Mail Armor
19:58 Squires
22:09 Forging
21:48 Pikeman
25:17 Wheelbarrow
24:30 Town Watch
26:21 Chain Mail Armor
26:42 Iron Casting
GoonPontoon
3:52 Loom
9:21 Feudal Age
9:53 Gold Mining
11:33 Double-Bit Axe
13:56 Castle Age
13:41 Horse Collar
15:24 Bow Saw
15:42 Stone Mining
17:09 Heavy Plow
20:30 Scale Mail Armor
22:41 Wheelbarrow
25:08 Forging
25:13 Chain Mail Armor
26:28 Ironclad
26:29 Hand Cart
27:27 Iron Casting
CrazyFoxMan
7:47 Feudal Age
8:59 Loom
11:44 Castle Age
9:57 Double-Bit Axe
14:10 Fletching
14:40 Bow Saw
18:53 Ballistics
19:58 Wheelbarrow
22:34 Bodkin Arrow
24:07 Hand Cart
28:49 Imperial Age
27:20 Padded Archer Armor
Connection lost

Rejoining the realm…

Still unreachable

The connection could not be restored.

Session expired

The server has moved on; the page needs a fresh start.